 Dungeon Crawl Stone Soup version 0.25-b1-37-g2669288c55 (webtiles) character file.

Game seed: 8794530689831387537

182 Descartes the Ducker (level 5, -6/23 HPs)
             Began as a Felid Skald on June 5, 2020.
             Mangled by an ogre
             ... wielding a +0 giant spiked club
              (29 damage)
             ... on level 4 of the Dungeon.
             The game lasted 00:07:04 (5092 turns).

Descartes the Ducker (Felid Skald)                  Turns: 5092, Time: 00:07:04

Health: -6/23      AC:  1    Str:  8    XL:     5   Next: 34%
Magic:  4/9        EV: 20    Int: 14    God:
Gold:   207        SH:  5    Dex: 22    Spells: 4/9 levels left
                                        Lives:  0   Deaths: 1

rFire    . . .     SeeInvis +     - Unarmed
rCold    . . .     Gourm    .   (shield unavailable)
rNeg     + . .     Faith    .   (armour unavailable)
rPois    .         Spirit   .   (helmet unavailable)
rElec    .         Reflect  +   (cloak unavailable)
rCorr    .         Harm     .   (gloves unavailable)
MR       .....                  (boots unavailable)
Stlth    +++.......             f - amulet of reflection
HPRegen  0.07/turn              l - ring of positive energy
MPRegen  0.11/turn              p - +6 ring of dexterity

@: shrouded, infused, quick
A: very small, no armour, no weapons or thrown items, stealth, claws 1, fangs 3,
see invisible, carnivore, speed 1, shaggy fur 1, slow metabolism 1, sharp paws
a: no special abilities


You were on level 4 of the Dungeon.
You were completely stuffed.

You visited 1 branch of the dungeon, and saw 4 of its levels.

You collected 207 gold pieces.

Inventory:

Missiles
 j - 42 stones
 m - 64 arrows
Jewellery
 f - an amulet of reflection (around neck)
 l - a ring of positive energy (left paw)
 p - a +6 ring of dexterity (right paw)
Scrolls
 a - 3 scrolls of immolation {unknown}
 c - 3 scrolls of remove curse {unknown}
 g - 5 scrolls of amnesia {unknown}
 h - 2 scrolls of blinking {unknown}
 i - a scroll of enchant armour {unknown}
 k - 2 scrolls of identify {unknown}
 r - a scroll of teleportation {unknown}
Potions
 d - 2 potions of ambrosia {unknown}
 e - 2 potions of cancellation {unknown}
 o - 2 potions of curing {unknown}
 q - a potion of haste {unknown}
Comestibles
 b - 14 rations
 n - 2 chunks of flesh


   Skills:
 + Level 2.6 Fighting
 + Level 4.1 Dodging
 * Level 3.9 Stealth
 * Level 3.3 Unarmed Combat
 + Level 2.6 Spellcasting
 - Level 4.0 Charms
 * Level 3.4 Translocations


You had 4 spell levels left.
You knew the following spells:

 Your Spells              Type           Power        Failure   Level  Hunger
a - Infusion              Chrm           ##..         4%          1    #......
b - Shroud of Golubria    Chrm/Tloc      ##....       8%          2    ###....
c - Song of Slaying       Chrm           ##......     7%          2    ###....

Your spell library contained the following spells:

 Spells                   Type           Power        Failure   Level  Hunger
 Ozocubu's Armour         Chrm/Ice       #.......     30%         3    ###....
 Spectral Weapon          Hex/Chrm       Unusable     N/A         3    N/A

Dungeon Overview and Level Annotations

Branches:
Dungeon (4/15)
 Temple: D:4-7

Altars:
Ashenzari
Elyvilon
Nemelex Xobeh
Trog

Annotations:
D:3 Eustachio
D:4 1 runed translucent door, Crazy Yiuf


Innate Abilities, Weirdness & Mutations

You cannot wear armour.
You are incapable of wielding weapons or throwing items.
Your paws allow you to move quietly. (Stealth)
You have sharp claws.
You have razor-sharp teeth.
You have supernaturally acute eyesight. (SInv)
You are carnivorous and can eat meat at any time.
You cover ground quickly.
You are covered in fur. (AC +1)
You have a slow metabolism.
Your sharp claws are effective at attacking unaware monsters.


Message History

Eating one of 3 chunks of flesh.
You eat one of the 3 chunks of flesh.
This raw flesh tastes great.
You see here a club.
There is a stone staircase leading up here.
The ogre is too close now for your liking.
Casting: Shroud of Golubria (safe; 8% risk of failure)
Confirm with . or Enter, or press ? or * to list all spells.
Space distorts slightly along a thin shroud covering your body.
The ogre shouts!
Casting: Shroud of Golubria (safe; 8% risk of failure)
Confirm with . or Enter, or press ? or * to list all spells.
You begin infusing your attacks with magical energy.
You scratch the ogre!
The ogre is moderately wounded.
The ogre misses you.
You scratch the ogre.
The ogre is moderately wounded.
The ogre hits you with a +0 giant spiked club!!
Ouch! That really hurt!
You die...

..#.#.##.# #..###.#
#.#.#.##.# #......#
#.#.#.##.# ##..###.# #.#
#.#.#.##.###...# #.# #.#
#.#......##....# #.#
#.#######.#......##..#.###.#
#.##.......................#
#.##.####.#O.........#.....#
#.##.# #.#@....###..#######
#.##.# #.##.##.# #..#......
#.##.####.##.##.###..#.#####
##...................#..#
#......######.##........#
#.####.# #.######.#### #.#
#.# ####.#### #.# #.# #.#
#.......# #.# #.#
#.###.......###.########


You could see an ogre.

Vanquished Creatures
  A bullfrog (D:4)
  3 hounds
  3 gnolls (D:4)
  3 adders
  2 worms
  2 dart slugs
  A leopard gecko (D:1)
  7 bats
  2 giant cockroaches
  2 goblins
  10 hobgoblins
  3 jackals (D:1)
  2 quokkas (D:3)
  3 ball pythons
  4 frilled lizards
  5 kobolds
  8 rats
61 creatures vanquished.

Notes
Turn   | Place    | Note
-------+----------+-------------------------------------------
     0 | D:1      | Descartes the Felid Skald began the quest for the Orb.
     0 | D:1      | Reached XP level 1. HP: 9/9 MP: 4/4
   373 | D:1      | Reached skill level 1 in Stealth
   385 | D:1      | Reached XP level 2. HP: 5/13 MP: 0/6
   392 | D:1      | Learned a level 2 spell: Shroud of Golubria
   395 | D:1      | Learned a level 2 spell: Song of Slaying
   790 | D:1      | Reached skill level 1 in Translocations
  1401 | D:2      | Reached XP level 3. HP: 16/16 MP: 7/7
  2161 | D:2      | Found a bloodstained altar of Trog.
  2171 | D:2      | Found a sparkling altar of Nemelex Xobeh.
  2603 | D:3      | Found a shattered altar of Ashenzari.
  3091 | D:3      | Reached XP level 4. HP: 12/19 MP: 5/8
  3398 | D:4      | Found a runed translucent door.
  3399 | D:4      | Noticed Crazy Yiuf
  3424 | D:4      | Noticed Eustachio
  4318 | D:4      | Found a white marble altar of Elyvilon.
  4329 | D:4      | Reached XP level 5. HP: 23/23 MP: 9/9
  4600 | D:4      | Noticed an ogre
  4611 | D:4      | Mangled by an ogre
  4612 | D:4      | Reached XP level 4. HP: -10/20 MP: 6/8
  4881 | D:4      | Noticed a bullfrog
  4887 | D:4      | Killed a bullfrog
  4887 | D:4      | Reached XP level 5. HP: 23/23 MP: 6/9
  5092 | D:4      | Mangled by an ogre

Illustrated notes

Levels and vault maps discovered:
D:1:      saegor_arrival_simple_e, layout_loops_ring, chequers_avenue
D:2:      layout_basic, amethyst_overflow_temple_binary,
          hangedman_decor_clover_reticule
D:3:      layout_basic, lemuel_round_altar, first_ration
D:4:      layout_loops_ring, elyvilon_altar_5, small_statue_intersection,
          uniq_crazy_yiuf_cottage, uniq_eustachio

Skill      XL: |  1  2  3  4 |
---------------+-------------+-----
Stealth        | 1 2 3 |  3.9
Translocations | 1 3 |  3.4
Charms         | 4 |  4.0
Unarmed Combat | 3 |  3.3
Dodging        | 4 |  4.1
Fighting       | |  2.6
Spellcasting   | |  2.6

Action                   |  1- 3 |  4- 6 || total
-------------------------+-------+-------++-------
Melee: Unarmed           |   154 |    63 ||   217
       Bite              |    11 |     9 ||    20
       Punch             |       |     1 ||     1
 Cast: Infusion          |     4 |     6 ||    10
       Shroud of Golubri |     5 |    10 ||    15
       Song of Slaying   |       |     1 ||     1
 Stab: Sleeping          |    12 |     3 ||    15
  Eat: Chunk             |    12 |    10 ||    22
Armor: Skin              |     5 |     2 ||     7
Dodge: Dodged            |   100 |    62 ||   162
Block: Other             |    16 |    15 ||    31
